 Dungeon Crawl Stone Soup version 0.21.1-1-g345015f (webtiles) character file.

539 Kairos the Cudgeler (level 7, 0/52 HPs)
             Began as a Human Skald on Mar 24, 2018.
             Slain by an orc (3 damage)
             ... on level 4 of the Dungeon.
             The game lasted 00:07:11 (5186 turns).

Kairos the Cudgeler (Human Skald)                   Turns: 5186, Time: 00:07:12

Health: 0/52       AC:  4    Str: 13    XL:     7   Next: 51%
Magic:  5/10       EV: 13    Int: 13    God:
Gold:   113        SH:  0    Dex: 13    Spells: 7/10 levels left

rFire    . . .     SeeInvis .   t - +0 morningstar
rCold    . . .     Gourm    .   (no shield)
rNeg     . . .     Faith    .   b - +0 leather armour
rPois    .         Spirit   .   e - +0 helmet
rElec    .         Reflect  .   v - scarf {repulsion}
rCorr    .         Harm     .   (no gloves)
MR       .....                  (no boots)
Stlth    +.........             (no amulet)
HPRegen  0.17/turn              (no ring)
MPRegen  0.12/turn              (no ring)

@: infused (expiring), repel missiles
A: no striking features
a: no special abilities


You were on level 4 of the Dungeon.
You were hungry.

You visited 1 branch of the dungeon, and saw 4 of its levels.

You collected 113 gold pieces.

Inventory:

Hand Weapons
 a - a +0 mace
 o - a +0 war axe
 t - a +0 morningstar (weapon)
Armour
 b - a +0 leather armour (worn)
 e - a +0 helmet (worn)
 v - a scarf of repulsion (worn)
Scrolls
 f - 2 scrolls of teleportation {unknown}
 h - 3 scrolls of blinking {unknown}
 i - a scroll of enchant armour {unknown}
 n - 2 scrolls of remove curse {unknown}
 r - a scroll of random uselessness {unknown}
 s - a scroll of identify {unknown}
 u - 2 scrolls of noise {unknown}
Potions
 g - a potion of resistance {unknown}
 k - 2 potions of haste {unknown}
 l - 3 potions of lignification {unknown}
 m - a potion of magic {unknown}
 p - a potion of cancellation {unknown}
 w - a potion of invisibility {unknown}
Books
 c - a book of Battle

   Spells                             Type                      Level
   a - Infusion                       Charms                       1
   b - Shroud of Golubria             Charms/Translocation         2
   c - Song of Slaying                Charms                       2
   d - Spectral Weapon                Hexes/Charms                 3
   e - Regeneration                   Charms/Necromancy            3
 q - a book of Callings

   Spells                             Type                      Level
   a - Summon Small Mammal            Summoning                    1
   b - Call Imp                       Summoning                    2
   c - Call Canine Familiar           Summoning                    3
   d - Summon Guardian Golem          Hexes/Summoning              3
   e - Summon Lightning Spire         Summoning/Air                4
   f - Summon Ice Beast               Ice/Summoning                4
Comestibles
 d - 6 rations


   Skills:
 + Level 3.3 Fighting
 + Level 3.3(4.1) Axes
 + Level 3.7(4.3) Maces & Flails
 + Level 2.9 Armour
 + Level 3.2 Dodging
 + Level 1.2 Stealth
 + Level 2.3 Spellcasting
 + Level 3.5 Charms


You had 7 spell levels left.
You knew the following spells:

 Your Spells              Type           Power        Failure   Level  Hunger
a - Infusion              Chrm           ##..         8%          1    #......
b - Shroud of Golubria    Chrm/Tloc      #.........   22%         2    ###....


Dungeon Overview and Level Annotations

Branches:
Dungeon (4/15)
 Temple: D:4-7

Altars:


Message History

The orc priest is severely wounded.
Your shroud begins to fray at the edges.
The orc hits you but does no damage. The orc priest closely misses you.
Your shroud bends the orc's attack away.
The orc barely misses you.
You hit the orc priest but do no damage.
The orc priest is severely wounded.
The orc priest hits you with a short sword!
* * * LOW HITPOINT WARNING * * *
Your shroud falls apart!
The orc barely misses you. x2
The orc priest hits you with a short sword.
* * * LOW HITPOINT WARNING * * *
You sock the orc priest!
You kill the orc priest!
Your magical infusion is running out.
The orc misses you. The orc barely misses you. The orc hits you.
* * * LOW HITPOINT WARNING * * *
The orc hits you.
You die...

.# ..# ..## # #...
#. ... . #..
##.##...
##...###.......
#.....)..#
#.....#o@# .#
#.....###o## ##.
......#....## #.# .
..##........###.#
.# . ##...........#
..# #...........##
..#
#............#..#
#....#...........#
#......†.##..###..#


You could see 2 orcs.

Vanquished Creatures
  A centaur (D:2)
  A scorpion (D:4)
  2 vampire bats (D:3)
  A bullfrog zombie (D:3)
  4 orc priests
  A worker ant (D:4)
  4 gnolls
  2 adders (D:2)
  An ooze (D:1)
  4 worms
  2 dart slugs (D:1)
  A leopard gecko (D:1)
  9 orcs
  3 ball pythons
  14 bats
  3 giant cockroaches
  8 goblins
  11 hobgoblins
  4 kobolds
  5 frilled lizards
  A leopard gecko zombie (D:3)
  7 rats
89 creatures vanquished.

Notes
Turn   | Place    | Note
-------+----------+-------------------------------------------
     0 | D:1      | Kairos the Human Skald began the quest for the Orb.
     0 | D:1      | Reached XP level 1. HP: 16/16 MP: 3/3
    41 | D:1      | Reached XP level 2. HP: 4/22 MP: 0/5
   555 | D:1      | Reached XP level 3. HP: 27/27 MP: 6/6
   835 | D:1      | Reached XP level 4. HP: 26/33 MP: 7/7
  2430 | D:2      | Noticed a centaur
  2436 | D:2      | Killed a centaur
  2436 | D:2      | Reached skill level 1 in Axes
  2436 | D:2      | Reached XP level 5. HP: 17/39 MP: 3/8
  2750 | D:3      | Learned a level 2 spell: Shroud of Golubria
  2849 | D:3      | Reached XP level 6. HP: 14/46 MP: 9/9
  3380 | D:3      | Reached skill level 1 in Stealth
  4550 | D:3      | Reached XP level 7. HP: 25/51 MP: 10/10
  5186 | D:4      | Slain by an orc

Skill      XL: |  1  2  3  4  5  6  7 |
---------------+----------------------+-----
Maces & Flails | 3 |  3.7
Axes           | 1 2 3 |  3.3
Armour         | 2 |  2.9
Stealth        | 1 |  1.2
Dodging        | 3 |  3.2
Fighting       | 3 |  3.3
Spellcasting   | |  2.3
Charms         | |  3.5

Action                   |  1- 3 |  4- 6 |  7- 9 || total
-------------------------+-------+-------+-------++-------
Melee: Mace              |    82 |    74 |       ||   156
       War axe           |       |   151 |    22 ||   173
       Morningstar       |       |       |    33 ||    33
 Cast: Infusion          |     5 |     5 |     2 ||    12
       Shroud of Golubri |       |     1 |     3 ||     4
  Use: Potion            |       |     2 |     1 ||     3
 Stab: Sleeping          |       |     3 |       ||     3
  Eat: Chunk             |       |    12 |     2 ||    14
Armor: Leather armour    |    26 |   101 |    28 ||   155
Dodge: Dodged            |    60 |   227 |    64 ||   351
       Deflected         |       |     1 |       ||     1
